 Dungeon Crawl Stone Soup version 0.26.0-16-gc1dbca0489 (webtiles) character file.

Game seed: 13844395913449056728

648 kaeus the Skirmisher (level 7, -5/55 HPs)
             Began as a Demonspawn Chaos Knight on Jan 20, 2021.
             Was a Plaything of Xom.
             Killed from afar by Dowan (7 damage)
             ... with a stone arrow
             ... on level 5 of the Dungeon.
             The game lasted 00:10:03 (5611 turns).

kaeus the Skirmisher (Demonspawn Chaos Knight)      Turns: 5611, Time: 00:10:04

Health: -5/55      AC:  7    Str: 16    XL:     7   Next: 27%
Magic:  16/16      EV: 13    Int: 18    God:    Xom [..*...]
Gold:   249        SH:  0    Dex: 12    Spells: 6/6 levels left

rFire    + + .     SeeInvis +   a - +0 hand axe (chaos)
rCold    + + .     Faith    +   (no shield)
rNeg     . . .     Spirit   .   b - +2 leather armour
rPois    .         Reflect  .   (helmet restricted)
rElec    .         Harm     .   (no cloak)
rCorr    .         Rampage  .   (no gloves)
Will     .....                  (no boots)
Stlth    +.........             r - amulet of faith
HPRegen  0.18/turn              k - ring of see invisible
MPRegen  0.15/turn              y - ring of magical power

@: no status effects
A: antennae 1, claws 1, iridescent scales 1, clever 2, cold resistance 2, fire
resistance 2, powered by death 1, strong 1, wild magic 1
a: Renounce Religion


You were on level 5 of the Dungeon.
You worshipped Xom.
You were a toy of Xom.
You visited 1 branch of the dungeon, and saw 5 of its levels.

You collected 249 gold pieces.

Inventory:

Hand Weapons
 a - a +0 hand axe of chaos (weapon)
 B - a -1 scimitar
Armour
 b - a +2 leather armour (worn)
Jewellery
 k - a ring of see invisible (left claw)
 r - an amulet of faith (around neck)
 t - the ring "Tiasse" {rF- rN++ Dex-4}
   (You found it on level 4 of the Dungeon)

   [ring of dexterity]

   It affects your dexterity (-4).
   It makes you vulnerable to fire.
   It greatly protects you from negative energy.
 y - a ring of magical power (right claw)
Wands
 n - a wand of polymorph (10)
 p - a wand of iceblast (9)
 z - a wand of acid (9)
Scrolls
 c - 7 scrolls of identify
 e - 3 scrolls of magic mapping {unknown}
 m - a scroll of remove curse
 q - 2 scrolls of enchant weapon {unknown}
 s - 2 scrolls of amnesia {unknown}
 u - 6 scrolls of teleportation {unknown}
 v - a scroll of random uselessness {unknown}
 w - a scroll of noise {unknown}
 x - a scroll of fear {unknown}
Potions
 d - 3 potions of heal wounds {unknown}
 f - a potion of mutation {unknown}
 g - a potion of lignification {unknown}
 h - 2 potions of ambrosia {unknown}
 i - a potion of magic {unknown}
 j - 2 potions of curing {unknown}
 l - a potion of berserk rage {unknown}
 o - a potion of brilliance {unknown}
 A - 2 potions of flight {unknown}


   Skills:
 + Level 4.9 Fighting
 + Level 4.5 Axes
 + Level 4.0 Armour
 + Level 3.5 Dodging


You had 6 spell levels left.
You didn't know any spells.
Your spell library was empty.

Dungeon Overview and Level Annotations

Branches:
Dungeon (5/15)
 Temple: D:4-7

Altars:
Ashenzari
Fedhas
Kikubaaqudgha
Nemelex Xobeh
Okawaru

Annotations:
D:5 Dowan


Innate Abilities, Weirdness & Mutations

You have sharp fingernails.
You are partially covered in iridescent scales. (AC +2)
Your flesh is very cold resistant. (rC++)
You regenerate a little health from kills.
You have a pair of small antennae on your head.
Your mind is very acute. (Int +4)
Your flesh is very heat resistant. (rF++)
Your muscles are strong. (Str +2)
Your spells are a little harder to cast, but a little more powerful.


Message History

You are too injured to fight recklessly!
You are too injured to fight recklessly!
Dowan seems to find hidden reserves of power!
Your crimson imp blinks!
Dowan gestures wildly while chanting.
Dowan blinks!
Dowan says, "Magic will overcome all!"
Dowan points at you and mumbles some strange words.
The shard of ice hits you! You partially resist.
* * * LOW HITPOINT WARNING * * *
Xom roars with laughter!
A shower of butterflies erupts from you!
Dowan gestures wildly while chanting.
Dowan blinks!
Your crimson imp hits Dowan but does no damage.
Your crimson imp hits Dowan.
Dowan gestures at you while chanting. The stone arrow hits you!
You die...
Xom cackles wildly!

.....###...### #....##....(....
...............###.##...(........
.............e###..#.........#...
.......ยง.)...b.#........##..####.
............b............##. ##
..#...........b##e.##....###
..#...#........##..###[..#
......#.#....b..#..##.....# B ..##
#.##.##...@........... ..# ..
#..#..(###.......... ..# ...
...>.... #...........# ...
#....#..##............ ....
#..####............... ..... ...
... ..... ..#... ..# #. ....
..#..[. .# #. .. ..#.


You could see Dowan (fast).

Vanquished Creatures
  Duvessa (D:5)
  A sky beast (D:5)
  A bullfrog (D:5)
  A scorpion (D:4)
  A bullfrog zombie (D:5)
  A centaur skeleton (D:5)
  3 worker ants
  A howler monkey skeleton (D:4)
  4 adders
  An ufetubus (D:5)
  An ooze (D:2)
  An adder zombie (D:5)
  An adder skeleton (D:5)
  3 worms
  2 dart slugs (D:1)
  2 leopard geckos
  5 orcs (D:3)
  12 bats
  5 giant cockroaches
  5 goblins
  9 hobgoblins
  6 jackals (D:3)
  5 kobolds
  4 quokkas
  A ball python (D:1)
  4 frilled lizards
  10 rats
91 creatures vanquished.

Vanquished Creatures (collateral kills)
  A sky beast (D:5)
  A killer bee zombie (D:5)
  An adder (D:2)
  A kobold (D:2)
  A rat (D:2)
5 creatures vanquished.

Vanquished Creatures (others)
  A hobgoblin (D:2)
1 creature vanquished.

Grand Total: 97 creatures vanquished

Notes
Turn   | Place    | Note
-------+----------+-------------------------------------------
     0 | D:1      | kaeus the Demonspawn Chaos Knight began the quest for the
                  | Orb.
     0 | D:1      | Reached XP level 1. HP: 18/18 MP: 1/1
    59 | D:1      | Reached skill level 1 in Dodging
   186 | D:1      | XOM: potion effect (brilliance)
   348 | D:1      | XOM: smoke on damage
   351 | D:1      | Gained mutation: You have sharp fingernails. [demonic
                  | ancestry]
   351 | D:1      | Reached XP level 2. HP: 17/24 MP: 2/2
   369 | D:1      | XOM: silly message
   585 | D:1      | XOM: silly message
   898 | D:1      | XOM: divination: magic mapping
   948 | D:1      | XOM: cast spell 'Alistair's Intoxication'
   954 | D:1      | Reached XP level 3. HP: 29/29 MP: 3/3
  1085 | D:1      | XOM: silly message
  1375 | D:1      | XOM: silly message
  1541 | D:2      | XOM: divination: detect items
  1644 | D:2      | XOM: scenery: 1 doors open
  1661 | D:2      | XOM: scenery: 1 doors close
  1802 | D:2      | XOM: destruction
  2005 | D:2      | Found a broken altar of Ashenzari.
  2220 | D:2      | Reached XP level 4. HP: 35/35 MP: 4/4
  2239 | D:2      | XOM: cast spell 'Death Channel'
  2540 | D:2      | XOM: give mutations
  2540 | D:2      | Gained mutation: Your mind is acute. (Int +2) [Xom's grace]
  2540 | D:2      | Gained mutation: Your flesh is cold resistant. (rC+) [Xom's
                  | grace]
  2552 | D:2      | XOM: give mutations
  2552 | D:2      | Gained mutation: Your mind is very acute. (Int +4) [Xom's
                  | grace]
  2552 | D:2      | Gained mutation: Your flesh is heat resistant. (rF+) [Xom's
                  | grace]
  2797 | D:3      | XOM: give mutations
  2797 | D:3      | Gained mutation: Your spells are a little harder to cast,
                  | but a little more powerful. [Xom's grace]
  2797 | D:3      | Gained mutation: Your flesh is very heat resistant. (rF++)
                  | [Xom's grace]
  2822 | D:3      | XOM is BORED!
  3090 | D:3      | XOM: divination: detect items
  3288 | D:3      | Gained mutation: You are partially covered in iridescent
                  | scales. (AC +2) [demonic ancestry]
  3288 | D:3      | Reached XP level 5. HP: 36/42 MP: 5/5
  3685 | D:4      | Found a blossoming altar of Fedhas.
  3720 | D:4      | Got a translucent lead ring
  3721 | D:4      | Identified the cursed ring "Tiasse" {rF- rN++ Dex-4} (You
                  | found it on level 4 of the Dungeon)
  3737 | D:4      | Found an iron altar of Okawaru.
  3875 | D:4      | XOM: cast spell 'Monstrous Menagerie'
  3876 | D:4      | XOM: give mutation
  3876 | D:4      | Gained mutation: You have a pair of small antennae on your
                  | head. [Xom's grace]
  3907 | D:4      | XOM: give mutations
  3907 | D:4      | Gained mutation: Your flesh is very cold resistant. (rC++)
                  | [Xom's grace]
  3907 | D:4      | Gained mutation: Your muscles are strong. (Str +2) [Xom's
                  | grace]
  5081 | D:4      | XOM: god gift: 33 gold pieces
  5107 | D:5      | Entered Level 5 of the Dungeon
  5142 | D:5      | Noticed a sky beast
  5142 | D:5      | XOM: summons 5 friendly demons
  5146 | D:5      | Killed a sky beast
  5147 | D:5      | Gained mutation: You regenerate a little health from kills.
                  | [demonic ancestry]
  5147 | D:5      | Reached XP level 6. HP: 37/48 MP: 6/6
  5149 | D:5      | XOM: polymorph white imp -> crimson imp
  5239 | D:5      | XOM: divination: detect creatures
  5276 | D:5      | Found an ancient bone altar of Kikubaaqudgha.
  5313 | D:5      | Noticed a sky beast
  5324 | D:5      | Killed a sky beast
  5350 | D:5      | Mutation became permanent: Your flesh is cold resistant.
                  | (rC+) [demonic ancestry]
  5350 | D:5      | Gained mutation: Your flesh is very cold resistant. (rC++)
                  | [demonic ancestry]
  5350 | D:5      | Reached XP level 7. HP: 23/55 MP: 7/7
  5468 | D:5      | Found a sparkling altar of Nemelex Xobeh.
  5468 | D:5      | XOM: 8-stop teleportation journey
  5566 | D:5      | XOM: god gift: scimitar {god gift}
  5569 | D:5      | Noticed Duvessa
  5577 | D:5      | XOM: enchant monster (bad)
  5578 | D:5      | XOM: summons 2 friendly demons
  5593 | D:5      | Killed Duvessa
  5603 | D:5      | Noticed Dowan
  5605 | D:5      | HP: 1/55 [Dowan/shard of ice (14)]
  5605 | D:5      | XOM: butterfly on damage
  5611 | D:5      | Killed from afar by Dowan

Illustrated notes

Levels and vault maps discovered:
D:1:      nzn_arrival_crosshair, layout_basic, serial_curves, eino_curves_02,
          eino_curves_04, minmay_misc_feat_five, chequers_serial_rivers_micro_a
D:2:      layout_basic, overflow_temple_1_default, minmay_three_crescents
D:3:      layout_loops_corners
D:4:      layout_layer_cave, marbit_many_paths, okawaru_ov_weapons_minmay,
          kennysheep_generic_room_9
D:5:      layout_cave_pools, nemelex_xobeh_ov_fountains_minmay,
          kennysheep_mini_moat, nicolae_overflow_hidden_temple, serial_shops,
          shop, uniq_eustachio, uniq_duvessa

Skill      XL: |  1  2  3  4  5  6  7 |
---------------+----------------------+-----
Dodging        | 1 2 3 |  3.5
Armour         | 2 3 4 |  4.0
Axes           | 3 4 |  4.5
Fighting       | 4 |  4.9

Action                   |  1- 3 |  4- 6 |  7- 9 || total
-------------------------+-------+-------+-------++-------
Melee: Hand axe          |   162 |   146 |    36 ||   344
  Use: Scroll            |     1 |     2 |     1 ||     4
 Stab: Petrified         |     1 |     3 |       ||     4
       Confused          |       |     1 |       ||     1
       Petrifying        |       |     1 |       ||     1
       Paralysed         |       |     8 |       ||     8
Armor: Leather armour    |    76 |    43 |    21 ||   140
Dodge: Dodged            |   112 |   100 |    24 ||   236
